 Dungeon Crawl Stone Soup version 0.28-a0-653-g7e9dba17c3 (webtiles) character file.

Game seed: 4938254640991701227

217 mordus the Chopper (level 5, -1/45 HPs)
             Began as a Hill Orc Monk on Oct 11, 2021.
             Slain by an ogre (26 damage)
             ... on level 3 of the Dungeon.
             The game lasted 00:05:36 (3539 turns).

mordus the Chopper (Hill Orc Monk)                  Turns: 3539, Time: 00:05:37

Health: -1/45      AC: 11    Str: 15    XL:     5   Next: 94%
Magic:  5/5        EV:  7    Int: 10    God:
Gold:   96         SH:  0    Dex: 13    Spells: 4/4 levels left

rFire   . . .      SeeInvis +   a - +0 hand axe
rCold   . . .      Faith    .   (no shield)
rNeg    . . .      Spirit   .   i - +0 chain mail
rPois   .          Reflect  .   (no helmet)
rElec   .          Harm     .   (no cloak)
rCorr   .          Rampage  .   l - +0 pair of gloves
Will    .....                   h - +0 pair of boots
Stlth   ..........              g - amulet of regeneration
HPRegen 1.15/turn               k - ring of see invisible
MPRegen 0.09/turn               (no ring)

@: no status effects
A: no striking features
a: no special abilities


You were on level 3 of the Dungeon.
You visited 1 branch of the dungeon, and saw 3 of its levels.

You collected 96 gold pieces.

Inventory:

Hand Weapons
 a - a +0 hand axe (weapon)
Armour
 b - a +0 robe
 e - a +0 ring mail
 h - a +0 pair of boots (worn)
 i - a +0 chain mail (worn)
 l - a +0 pair of gloves (worn)
Jewellery
 f - a ring of fire
 g - an amulet of regeneration (around neck)
 k - a ring of see invisible (left hand)
Scrolls
 c - 3 scrolls of identify {unknown}
 d - a scroll of vulnerability {unknown}
 j - a scroll of teleportation {unknown}
 m - a scroll of blinking {unknown}


   Skills:
 - Level 3.6 Fighting
 * Level 7.3 Axes
 + Level 3.2 Armour
 - Level 2.4 Dodging
 - Level 1.5 Stealth


You had 4 spell levels left.
You didn't know any spells.
Your spell library contained the following spells:

 Spells                   Type           Power      Damage    Failure   Level
 Sting                    Tmut/Pois      0%         1d3       100%        1
 Poisonous Vapours        Pois/Air       0%         N/A       100%        2
 Olgreb's Toxic Radiance  Pois           0%         N/A       100%        4


Dungeon Overview and Level Annotations

Branches:
Dungeon (3/15)

Altars:
Elyvilon
Kikubaaqudgha
Uskayaw
Zin


Message History

There is a stone staircase leading down here.
You climb downwards.
There is a stone staircase leading up here.
There is a stone staircase leading up here.
Found a white marble altar of Elyvilon.
Found a hide-covered altar of Uskayaw.
A rat comes into view.
You barely miss the rat. You barely miss the rat. The rat closely misses you.
You hit the rat but do no damage. The rat bites you but does no damage.
You closely miss the rat. The rat bites you.
You hit the rat.
You kill the rat!
HP restored.
Things that are here:
5 stones; a +0 dagger; a frilled lizard skeleton
There is a stone staircase leading down here.
The ogre shouts!
The ogre barely misses you.
You barely miss the ogre.
An ogre is nearby!
You hit the ogre but do no damage. The ogre hits you with a +0 giant club!
An ogre is nearby!
You hit the ogre.
The ogre is moderately wounded.
The ogre hits you with a +0 giant club.
Your chain mail prevents you from hitting the ogre.
The ogre is moderately wounded.
An ogre is nearby!
You hit the ogre.
The ogre is moderately wounded.
The ogre closely misses you.
You hit the ogre but do no damage.
The ogre is moderately wounded.
The ogre hits you with a +0 giant club.
You hit the ogre.
The ogre is moderately wounded.
The ogre hits you with a +0 giant club!!
Ouch! That really hurt!
You die...

.##.....####.#### ##.####.#
.######## #.# #.......# .#
##.##########.####.#
.##########.......#..........#
..O.<........##.#.#.########.#
)###########.#.#..#.## #.# .#
###..###....# #.# .#
#.....#.#...### #.# .#
#.#...O@......# #.# .#
#........÷....# #.# .##
#.##..........# #.# ..###
#.##........#># #.# ....#
####.##........#.#####.# ..#.#
#....###....####...†...# .##.#
#.##.# ##.#.# #########
.##.###.##.# #.#.#
.##.....##.# #.#.#


You could see an ogre.

Vanquished Creatures
  A necrophage (D:2)
  7 adders
  A worm (D:3)
  3 dart slugs
  5 bats
  4 endoplasms
  3 giant cockroaches
  6 goblins
  5 hobgoblins
  5 jackals
  6 kobolds
  A quokka (D:1)
  6 ball pythons
  4 frilled lizards
  7 rats
64 creatures vanquished.

Notes
Turn   | Place    | Note
-------+----------+-------------------------------------------
     0 | D:1      | mordus the Hill Orc Monk began the quest for the Orb.
     0 | D:1      | Reached XP level 1. HP: 19/19 MP: 1/1
   445 | D:1      | Reached XP level 2. HP: 26/26 MP: 2/2
   585 | D:1      | Reached skill level 1 in Armour
  1246 | D:1      | Reached skill level 5 in Axes
  1453 | D:1      | Reached XP level 3. HP: 20/31 MP: 3/3
  1701 | D:2      | HP: 1/31 [poisoned by an adder]
  2276 | D:2      | Reached XP level 4. HP: 37/39 MP: 4/4
  2327 | D:2      | Found a faded altar of an unknown god.
  2599 | D:2      | Reached skill level 6 in Axes
  2955 | D:3      | Found an ancient bone altar of Kikubaaqudgha.
  3107 | D:3      | Reached XP level 5. HP: 43/45 MP: 5/5
  3178 | D:3      | Found a glowing silver altar of Zin.
  3348 | D:3      | Noticed a necrophage
  3348 | D:3      | Noticed an ogre
  3385 | D:2      | Killed a necrophage
  3386 | D:2      | Reached skill level 7 in Axes
  3466 | D:3      | Found a white marble altar of Elyvilon.
  3467 | D:3      | Found a hide-covered altar of Uskayaw.
  3539 | D:3      | Slain by an ogre

Illustrated notes

Levels and vault maps discovered:
D:1:      sevenhm_arrival_forest_fort_small_3, layout_loops_corners,
          item_on_display_a
D:2:      layout_basic, hellmonk_ecumenical_altar_dog_temple,
          chequers_serial_rivers_marsh
D:3:      layout_loops_ring, chequers_temple_overflow_statue_of_worship,
          lemuel_round_altar, mainiacjoe_overflow_paths, chequers_big_river

Skill      XL: |  1  2  3  4  5 |
---------------+----------------+-----
Armour         | 1 2 3 |  3.2
Axes           | 5 6 7 |  7.3
Fighting       | |  3.6
Dodging        | |  2.4
Stealth        | |  1.5

Action                   |  1- 3 |  4- 6 || total
-------------------------+-------+-------++-------
Melee: Hand axe          |   102 |   172 ||   274
  Use: Potion            |     3 |       ||     3
 Stab: Sleeping          |     2 |     2 ||     4
Armor: Robe              |    15 |       ||    15
       Ring mail         |     3 |    31 ||    34
       Chain mail        |       |    53 ||    53
Dodge: Dodged            |    61 |    68 ||   129

Table legend: (Time is in decaauts)
 A = Elapsed time spent in this place.
 B = Non-inter-level travel time spent in this place.
 C = Inter-level travel time spent in this place.
 D = Time resting spent in this place.
 E = Time spent auto-exploring this place.
 F = Levels seen in this place.
 G = Mean time per level.
                   A        B        C        D        E       F      G
               +--------+--------+--------+--------+--------+-----+--------+
         Total |   3525 |   3463 |     62 |    457 |   2344 |   3 | 1175.0 |
       Dungeon |   3525 |   3463 |     62 |    457 |   2344 |   3 | 1175.0 |
               +--------+--------+--------+--------+--------+-----+--------+

Top non-repeatable levels by time:
     D:1: 1621 daAuts
     D:2: 1242 daAuts
     D:3: 661 daAuts
